 Dungeon Crawl Stone Soup version 0.21.1-1-g345015f (webtiles) character file.

144 Spoonicorn the Chopper (level 5, -3/47 HPs)
             Began as a Minotaur Berserker on Mar 2, 2018.
             Was a Believer of Trog.
             Killed by divine providence
             ... invoked by an orc priest
              (14 damage)
             ... on level 4 of the Dungeon.
             The game lasted 00:04:36 (1690 turns).

Spoonicorn the Chopper (Minotaur Berserker)         Turns: 1690, Time: 00:04:38

Health: -3/47      AC:  2    Str: 23    XL:     5   Next: 5%
Magic:  4/4        EV: 12    Int:  4    God:    Trog [**....]
Gold:   133        SH:  0    Dex:  9    Spells: 4/4 levels left

rFire    . . .     SeeInvis .   a - +0 hand axe
rCold    . . .     Gourm    .   (no shield)
rNeg     . . .     Faith    .   b - +0 animal skin
rPois    .         Spirit   .   (helmet restricted)
rElec    .         Reflect  .   (no cloak)
rCorr    .         Harm     .   (no gloves)
MR       .....                  (no boots)
Stlth    +.........             (no amulet)
HPRegen  0.15/turn              (no ring)
MPRegen  0.09/turn              (no ring)

@: no status effects
A: retaliatory headbutt, horns 2
a: Berserk, Trog's Hand, Burn Spellbooks, Renounce Religion


You were on level 4 of the Dungeon.
You worshipped Trog.
Trog was pleased with you.
You were not hungry.

You visited 1 branch of the dungeon, and saw 4 of its levels.

You collected 133 gold pieces.

Inventory:

Hand Weapons
 a - a +0 hand axe (weapon)
Armour
 b - a +0 animal skin (worn)
 o - a +0 ring mail
Scrolls
 d - a scroll of identify
 e - 4 scrolls of teleportation
 f - 3 scrolls of remove curse {unknown}
 m - a scroll of enchant armour {unknown}
Potions
 g - a potion of curing {unknown}
 h - a potion of cancellation {unknown}
 i - 2 potions of agility {unknown}
 j - a potion of heal wounds {unknown}
 k - a potion of brilliance {unknown}
 l - a potion of lignification {unknown}
Comestibles
 c - 6 rations
 n - 4 chunks of flesh


   Skills:
 + Level 4.9 Fighting
 * Level 6.0 Axes
 + Level 2.5 Armour
 - Level 2.1 Dodging


You had 4 spell levels left.
You didn't know any spells.

Dungeon Overview and Level Annotations

Branches:
Dungeon (3/15)

Altars:
Xom


Innate Abilities, Weirdness & Mutations

You reflexively headbutt those who attack you in melee.
You have a pair of horns on your head.


Message History

The orc wizard is moderately wounded.
The orc wizard hits you with a spear.
* * * LOW HITPOINT WARNING * * *
The orc wizard looks encouraged for a moment.
You hit the orc wizard but do no damage.
The orc wizard is moderately wounded.
The orc wizard is no longer moving quickly.
The orc wizard barely misses you. You furiously retaliate!
You headbutt the orc wizard. The orc priest barely misses you.
You barely miss the orc wizard. Your headbutt misses the orc wizard.
The orc wizard is severely wounded.
The orc wizard closely misses you. The orc priest barely misses you.
You hit the orc wizard but do no damage.
Your headbutt misses the orc wizard.
The orc wizard is severely wounded.
The orc wizard mumbles some strange words.
The orc wizard seems to speed up.
The orc priest invokes the aid of Beogh against you.
Beogh smites you!
You die...

..................
...>.......... ...#........###.#
##..#.#.##....#
...#............# #.......).....
...#..#.........# #....#.......#
...#..#####.#...# #............#
.#.##.# #.#...# #....#.##....#
.#.##.### #.#...####....#.
#....# ........#
#.#...................#
...##.#.#
#.##..@..............##
.#.##.#.###.###o####..#.#..#..##
..............#o.. ............
.#.##.........o..... ..........#
.#.......##.#..###.#.. .#..#..#
................ .... .. ..
............##.# ... .
##..#........... .. ..
#..#....######..#.


You could see an orc priest, an orc wizard and an orc (wandering).

Vanquished Creatures
  2 worker ants (D:4)
  A howler monkey skeleton (D:4)
  2 adders
  2 oozes (D:1)
  2 dart slugs (D:1)
  A leopard gecko (D:2)
  An orc (D:4)
  5 bats
  6 giant cockroaches
  9 goblins
  4 hobgoblins
  A ball python (D:3)
  4 frilled lizards
  8 kobolds
  5 rats
53 creatures vanquished.

Notes
Turn   | Place    | Note
-------+----------+-------------------------------------------
     0 | D:1      | Spoonicorn the Minotaur Berserker began the quest for the Orb.
     0 | D:1      | Reached XP level 1. HP: 19/19 MP: 0/0
    31 | D:1      | Reached skill level 4 in Axes
    63 | D:1      | Reached XP level 2. HP: 26/27 MP: 1/1
   133 | D:1      | Reached XP level 3. HP: 18/33 MP: 2/2
   425 | D:1      | Reached skill level 5 in Axes
   802 | D:1      | Found a shimmering altar of Xom.
   848 | D:2      | Reached ** piety under Trog
  1048 | D:2      | Reached XP level 4. HP: 30/40 MP: 3/3
  1485 | D:3      | You fall through a shaft!
  1517 | D:4      | Reached skill level 6 in Axes
  1634 | D:4      | Reached XP level 5. HP: 43/47 MP: 4/4
  1690 | D:4      | Killed from afar by an orc priest

Skill      XL: |  1  2  3  4 |
---------------+-------------+-----
Axes           | 4 5 6 |  6.0
Fighting       | 4 |  4.9
Armour         | |  2.5
Dodging        | |  2.1

Action                   |  1- 3 |  4- 6 || total
-------------------------+-------+-------++-------
Melee: Hand axe          |    75 |    26 ||   101
       Headbutt          |     7 |     6 ||    13
Invok: Berserk           |     1 |       ||     1
  Use: Scroll            |       |     2 ||     2
 Stab: Sleeping          |       |     1 ||     1
  Eat: Chunk             |     1 |     2 ||     3
Armor: Animal skin       |    25 |     1 ||    26
Dodge: Dodged            |    52 |    19 ||    71
